 Dungeon Crawl Stone Soup version 0.22-a0-284-g99d1f74 (webtiles) character file.

30 Kairos the Charmwright (level 3, -2/27 HPs)
             Began as a Human Skald on Mar 22, 2018.
             Slain by a hobgoblin
             ... wielding a +0 club
              (4 damage)
             ... on level 1 of the Dungeon.
             The game lasted 00:01:09 (632 turns).

Kairos the Charmwright (Human Skald)                 Turns: 632, Time: 00:01:09

Health: -2/27      AC:  3    Str: 12    XL:     3   Next: 37%
Magic:  6/6        EV: 12    Int: 13    God:
Gold:   24         SH:  0    Dex: 12    Spells: 5/6 levels left

rFire    . . .     SeeInvis .   e - +0 whip
rCold    . . .     Gourm    .   (no shield)
rNeg     . . .     Faith    .   b - +0 leather armour
rPois    .         Spirit   .   (no helmet)
rElec    .         Reflect  .   (no cloak)
rCorr    .         Harm     .   (no gloves)
MR       .....                  (no boots)
Stlth    +.........             (no amulet)
HPRegen  0.09/turn              (no ring)
MPRegen  0.10/turn              (no ring)

@: no status effects
A: no striking features
a: no special abilities


You were on level 1 of the Dungeon.
You were not hungry.

You visited 1 branch of the dungeon, and saw 1 of its levels.

You collected 24 gold pieces.

Inventory:

Hand Weapons
 a - a +0 mace
 e - a +0 whip (weapon)
Armour
 b - a +0 leather armour (worn)
Scrolls
 f - 2 scrolls of enchant weapon {unknown}
 g - a scroll of teleportation {unknown}
Potions
 c - a potion of agility {unknown}
 h - a potion of berserk rage {unknown}
 i - a potion of curing {unknown}
Comestibles
 d - a ration


   Skills:
 + Level 2.1 Fighting
 + Level 2.6 Maces & Flails
 + Level 1.1 Armour
 + Level 2.4 Dodging
 + Level 2.0 Spellcasting
 + Level 3.3 Charms


You had 5 spell levels left.
You knew the following spells:

 Your Spells              Type           Power        Failure   Level  Hunger
a - Infusion              Chrm           #...         9%          1    ##.....


Dungeon Overview and Level Annotations

Branches:
Dungeon (1/15)

Altars:


Message History

You closely miss the hobgoblin.
The hobgoblin is heavily wounded.
The hobgoblin hits you with a club.
You hit the hobgoblin but do no damage.
The hobgoblin is heavily wounded.
The hobgoblin hits you with a club.
* * * LOW HITPOINT WARNING * * *
You barely miss the hobgoblin.
The hobgoblin is heavily wounded.
The hobgoblin hits you but does no damage.
You closely miss the hobgoblin.
The hobgoblin is heavily wounded.
You closely miss the hobgoblin.
The hobgoblin is heavily wounded.
The hobgoblin hits you with a club.
* * * LOW HITPOINT WARNING * * *
You hit the hobgoblin but do no damage.
The hobgoblin is heavily wounded.
The hobgoblin hits you with a club.
You die...

#........##.#####.##.....###.
###########.# #.###.....###
#.# #.# ##......# #.# #.##
##......
############.#####..## ###...(
#..........#...†..#..### ###..
#....?.....######.#....# ###
#..........######.#.##.....
#..........rg@....#)# #####
#..........########.#####
#..........# #.........#
#)......†..# #.........#
..............# #.....(......
..............#####......##...
.....###.......).........# ..
..... ############.)....# .
..... #......#


You could see a hobgoblin and a rat.

Vanquished Creatures
  3 dart slugs (D:1)
  A leopard gecko (D:1)
  2 giant cockroaches (D:1)
  5 hobgoblins (D:1)
  A ball python (D:1)
  5 bats (D:1)
  A frilled lizard (D:1)
  2 goblins (D:1)
  2 rats (D:1)
22 creatures vanquished.

Notes
Turn   | Place    | Note
-------+----------+-------------------------------------------
     0 | D:1      | Kairos the Human Skald began the quest for the Orb.
     0 | D:1      | Reached XP level 1. HP: 16/16 MP: 3/3
   380 | D:1      | Reached XP level 2. HP: 20/22 MP: 5/5
   526 | D:1      | Reached XP level 3. HP: 27/27 MP: 6/6
   632 | D:1      | Slain by a hobgoblin

Vault maps used:
D:1:      dpeg_arrival_snail, kennysheep_minor_cross

Action                   || total
-------------------------++-------
Melee: Mace              ||    15
       Whip              ||    78
 Cast: Infusion          ||     2
 Stab: Sleeping          ||     1
Armor: Leather armour    ||    51
Dodge: Dodged            ||    77

Table legend:
 A = Spawn XP
 B = Non-spawn XP
 C = Spawn XP percentage of total XP
 D = Spawn monster count
 E = Non-spawn monster count
 F = Spawn count percentage of total count
 G = Total turns spent on level
                    A         B        C        D         E        F      G
               +---------+---------+-------+---------+---------+-------+---------
         Total |       0 |      44 |   0.0 |       0 |      22 |   0.0 |   632
               +---------+---------+-------+---------+---------+-------+---------
           D:1 |       0 |      44 |   0.0 |       0 |      22 |   0.0 |   632
               +---------+---------+-------+---------+---------+-------+---------
